 Dungeon Crawl Stone Soup version 0.22.0-49-gab54619 (webtiles) character file.

18 Folque the Vexing (level 2, -2/28 HPs)
             Began as an Ogre Arcane Marksman on Sept 6, 2018.
             Slain by an adder (3 damage)
             ... on level 1 of the Dungeon.
             The game lasted 00:08:09 (1520 turns).

Folque the Vexing (Ogre Arcane Marksman)            Turns: 1520, Time: 00:08:09

Health: -2/28      AC:  3    Str: 13    XL:     2   Next: 70%
Magic:  1/5        EV: 15    Int: 14    God:
Gold:   84         SH:  0    Dex: 14    Spells: 4/5 levels left

rFire    . . .     SeeInvis .   m - +0 short sword
rCold    . . .     Gourm    .   (no shield)
rNeg     . . .     Faith    .   a - +0 robe
rPois    .         Spirit   .   (helmet restricted)
rElec    .         Reflect  .   (no cloak)
rCorr    .         Harm     .   (gloves unavailable)
MR       .....                  (boots unavailable)
Stlth    ++........             (no amulet)
HPRegen  0.09/turn              (no ring)
MPRegen  0.09/turn              (no ring)

@: agile, very slightly contaminated, hasted, very quick
A: large, unfitting armour, tough skin 1
a: no special abilities


You were on level 1 of the Dungeon.
You were hungry.

You visited 1 branch of the dungeon, and saw 2 of its levels.

You collected 84 gold pieces.

Inventory:

Hand Weapons
 m - a +0 short sword (weapon)
Missiles
 c - a large rock (quivered)
 d - 2 throwing nets
Armour
 a - a +0 robe (worn)
Scrolls
 h - 2 scrolls of enchant weapon {unknown}
 i - a scroll of amnesia {unknown}
 k - a scroll of noise {unknown}
Potions
 e - a potion of agility
 l - a potion of might {unknown}
Comestibles
 f - 4 rations


   Skills:
 - Level 2.0 Fighting
 - Level 2.0 Throwing
 - Level 1.7 Dodging
 - Level 2.0 Spellcasting
 * Level 3.0 Hexes


You had 4 spell levels left.
You knew the following spells:

 Your Spells              Type           Power        Failure   Level  Hunger
a - Corona                Hex            ##.....      7%          1    ##.....

Your spell library contained the following spells:

 Spells                   Type           Power        Failure   Level  Hunger
 Slow                     Hex            ##......     10%         2    ###....
 Inner Flame              Hex/Fire       #.......     36%         3    ####...
 Portal Projectile        Hex/Tloc       #.....       36%         3    ####...
 Cause Fear               Hex            ##........   54%         4    #####..
 Leda's Liquefaction      Hex/Erth       #.........   77%         4    #####..


Dungeon Overview and Level Annotations

Branches:
Dungeon (2/15)

Altars:


Innate Abilities, Weirdness & Mutations

You are too large for most types of armour.
You have tough skin. (AC +1)


Message History

You are feeling hungry.
The hobgoblin hits you with a club.
* * * LOW HITPOINT WARNING * * *
The adder barely misses you.
Throwing (i - inventory. (/) - cycle)
c - 2 large rocks (quivered)
Press: ? - help, Shift-Dir - straight line, f/p - adder
Aim: an adder You throw a large rock.
The large rock barely misses the adder.
The large rock barely misses the ball python.
The adder bites you.
* * * LOW HITPOINT WARNING * * *
The hobgoblin misses you. The adder closely misses you.
The hobgoblin hits you with a club.
* * * LOW HITPOINT WARNING * * *
It was a potion of agility.
You feel agile all of a sudden. The adder barely misses you.
The hobgoblin closely misses you.
It was a potion of haste.
You feel yourself speed up.
The ball python stops glowing.
The adder bites you.
You die...

#......##..........####.........#
#...##.##.######..## ##.......##
#.........# #.## ##.....##
..####.##.######.##### ##...##
..........##.........# ##'##
######.#####>###.###.# #.# # #.#
#.# #g# #.# #.##### #.# #.#
#g###.# ##.##... # #.# #.#
#@SS.(# ##...#.## ######.# #.#
#####.# #...[..# .......# #.#
##.## ##...#.# ########
#.######...#####.##.# #
#...................#
########...#####.#### # ##### #.#
# #.# ## # ######.####.


You could see an adder, a hobgoblin, a goblin and a ball python.

Vanquished Creatures
  2 dart slugs (D:1)
  A bat (D:1)
  A giant cockroach (D:1)
  4 goblins (D:1)
  2 hobgoblins (D:1)
  A frilled lizard (D:1)
  2 rats (D:1)
13 creatures vanquished.

Notes
Turn   | Place    | Note
-------+----------+-------------------------------------------
     0 | D:1      | Folque the Ogre Arcane Marksman began the quest for the
                  | Orb.
     0 | D:1      | Reached XP level 1. HP: 19/19 MP: 2/2
   629 | D:1      | Reached XP level 2. HP: 28/28 MP: 2/4
  1109 | D:1      | Reached skill level 3 in Hexes
  1518 | D:1      | HP: 1/28 [hobgoblin/club (2)]
  1520 | D:1      | Slain by an adder

Skill      XL: |  1  2 |
---------------+-------+-----
Fighting       | 2 |  2.0
Spellcasting   | 2 |  2.0
Hexes          | 3 |  3.0
Throwing       | |  2.0
Dodging        | |  1.7

Action                   || total
-------------------------++-------
Melee: Unarmed           ||    21
       Club              ||    28
       Short sword       ||     2
Throw: Large rock        ||     6
 Cast: Corona            ||    22
  Use: Potion            ||     2
 Stab: Sleeping          ||     1
  Eat: Chunk             ||     2
Armor: Robe              ||    20
Dodge: Dodged            ||    46
